 Dungeon Crawl Stone Soup version 0.24-a0-536-gdd4cf15266 (webtiles) character file.

Game seed: 6978686366695172576

1591 Gynju the Geomancer (level 8, -8/44 HPs)
             Began as a Gargoyle Earth Elementalist on Aug 11, 2019.
             Was a Follower of Sif Muna.
             Killed from afar by Harold (14 damage)
             ... with a harpoon shot
             ... on level 7 of the Dungeon.
             The game lasted 00:12:47 (7870 turns).

Gynju the Geomancer (Gargoyle Earth Elementalist)   Turns: 7870, Time: 00:12:48

Health: -8/44      AC: 10    Str: 12    XL:     8   Next: 93%
Magic:  3/15       EV: 12    Int: 18    God:    Sif Muna [*.....]
Gold:   313        SH:  6    Dex: 10    Spells: 4/17 levels left

rFire    . . .     SeeInvis .   b - +0 hand axe
rCold    . . .     Gourm    .   p - +2 buckler
rNeg     + . .     Faith    .   c - +0 robe
rPois    ∞         Spirit   .   (no helmet)
rElec    +         Reflect  .   y - +0 cloak
rCorr    .         Harm     .   (no gloves)
MR       .....                  (no boots)
Stlth    ++........             (no amulet)
HPRegen  0.14/turn              n - +2 ring of protection
MPRegen  0.14/turn              m - +5 ring of slaying

@: marked
A: negative energy resistance 1, electricity resistance, unbreathing,
petrification resistance, rot immunity, AC +5
a: Channel Magic, Renounce Religion


You were on level 7 of the Dungeon.
You worshipped Sif Muna.
Sif Muna was aware of your devotion.
You were not hungry.

You visited 2 branches of the dungeon, and saw 8 of its levels.

You collected 313 gold pieces.

Inventory:

Hand Weapons
 b - a +0 hand axe (weapon)
Missiles
 r - 138 stones (quivered)
Armour
 c - a +0 robe (worn)
 p - a +2 buckler (worn)
 y - a +0 cloak (worn)
Jewellery
 i - an uncursed ring of protection from cold
 m - a +5 ring of slaying (right hand)
 n - a +2 ring of protection (left hand)
Wands
 w - a wand of random effects (11)
 A - a wand of acid (11)
 D - a wand of disintegration (6)
Scrolls
 a - 2 scrolls of magic mapping {unknown}
 e - 4 scrolls of remove curse
 l - 2 scrolls of enchant weapon {unknown}
 o - 2 scrolls of noise {unknown}
 q - 2 scrolls of blinking {unknown}
 s - 2 scrolls of identify {unknown}
 t - 3 scrolls of teleportation {unknown}
 x - 2 scrolls of enchant armour {unknown}
 C - a scroll of acquirement {unknown}
Potions
 f - 6 potions of curing {unknown}
 g - 2 potions of heal wounds {unknown}
 h - 3 potions of brilliance {unknown}
 j - 2 potions of agility {unknown}
 k - a potion of lignification {unknown}
 u - 4 potions of resistance {unknown}
 v - a potion of haste {unknown}
 z - a potion of might {unknown}
Comestibles
 d - 10 rations
 B - 7 chunks of flesh


   Skills:
 + Level 1.9 Fighting
 - Level 1.5 Dodging
 - Level 2.1 Stealth
 - Level 4.1 Shields
 - Level 5.0 Spellcasting
 + Level 6.1 Conjurations
 - Level 0.7 Transmutations
 + Level 8.3 Earth Magic


You had 4 spell levels left.
You knew the following spells:

 Your Spells              Type           Power        Failure   Level  Hunger
a - Sandblast             Erth           ####..       1%          1    None
b - Stone Arrow           Conj/Erth      ####..       1%          3    ##.....
c - Lee's Rapid Deconstr  Erth           ####......   12%         5    ######.
d - Petrify               Tmut/Erth      ###.....     21%         4    ####...

Your spell library contained the following spells:

 Spells                   Type           Power        Failure   Level  Hunger
 Passwall                 Tmut/Erth      ###.....     3%          2    #......
 Beastly Appendage        Tmut           #.....       10%         1    None
 Sticks to Snakes         Tmut           #.......     16%         2    #......
 Spider Form              Tmut/Pois      #.........   34%         3    ##.....
 Ice Form                 Ice/Tmut       #.......     75%         4    ####...
 Blade Hands              Tmut           #.........   95%         5    ######.


Dungeon Overview and Level Annotations

Branches:
Dungeon (7/15)             Temple (1/1) D:4

Altars:
Ashenzari
Cheibriados
Dithmenos
Elyvilon
Fedhas
Gozag
Hepliaklqana
Kikubaaqudgha
Makhleb
Nemelex Xobeh
Okawaru
Qazlal
Sif Muna
Trog
Wu Jian
Xom
Zin
The Shining One

Annotations:
D:7 Harold


Innate Abilities, Weirdness & Mutations

You are resistant to torment.
Your stone body is resilient. (AC +5)
You are immune to poison.
You resist negative energy. (rN+)
You are resistant to electric shocks. (rElec)
You can survive without breathing.
You are immune to petrification.
You are immune to rotting.


Message History

You don't have enough magic to cast that spell.
Casting: Stone Arrow (safe; 1% risk of failure)
Confirm with . or Enter, or press ? or * to list all spells.
You don't have enough magic to cast that spell.
Casting: Stone Arrow (safe; 1% risk of failure)
Confirm with . or Enter, or press ? or * to list all spells.
You don't have enough magic to cast that spell.
You struggle against the net.
Harold hits you with a +0 battleaxe!!
You struggle against the net.
Harold hits you with a +0 battleaxe!
* * * LOW HITPOINT WARNING * * *
You tear a large gash into the net.
You rip the net and break free!
Harold hits you but does no damage. Harold gestures at you while chanting.
The mark upon you grows brighter.
Harold throws a throwing net.
The throwing net barely misses you.
Harold throws a throwing net.
The throwing net misses you.
You see here 2 throwing nets.
Harold gestures at you while chanting. The harpoon shot hits you!
You die...

###########
#
#.(..@..@.#
.#
#.#######.#
####.# #.#
#.# .....#
#.# #.#
....<..@.#
#.#
#.########
#@# ....#
#.# #.#.#
#÷# #.#.#
#.# #.#.#
#########.#
#.#.#
#.........#
#.#.#
#.#####.###
#.#.####.#
#.#
#........#
#.#


You could see Harold.

Vanquished Creatures
  Grinder (D:6)
  A water moccasin (D:6)
  An ogre (D:4)
  A centaur (D:5)
  2 bullfrogs (D:7)
  2 scorpions
  2 crimson imps (D:5)
  A bullfrog zombie (D:5)
  A quasit (D:6)
  4 hounds
  A jelly (D:5)
  2 iguanas
  5 orc wizards
  6 worker ants
  A hound zombie (D:5)
  A hound skeleton (D:5)
  Robin (D:4)
  4 gnolls
  4 adders
  A shadow imp (D:6)
  An adder skeleton (D:5)
  An adder zombie (D:6)
  A worm (D:4)
  2 dart slugs (D:1)
  8 leopard geckos
  24 orcs
  A ball python (D:1)
  14 bats
  6 giant cockroaches
  15 goblins
  2 hobgoblins (D:4)
  6 jackals (D:1)
  5 quokkas
  A ball python skeleton (D:6)
  6 frilled lizards
  A jackal skeleton (D:4)
  3 kobolds
  10 rats
  A rat zombie (D:6)
150 creatures vanquished.

Notes
Turn   | Place    | Note
-------+----------+-------------------------------------------
     0 | D:1      | Gynju the Gargoyle Earth Elementalist began the quest for
                  | the Orb.
     0 | D:1      | Reached XP level 1. HP: 10/10 MP: 3/3
    93 | D:1      | Reached skill level 4 in Earth Magic
    93 | D:1      | Reached XP level 2. HP: 13/15 MP: 1/5
   596 | D:1      | Found a white marble altar of Elyvilon.
   601 | D:1      | Reached XP level 3. HP: 19/19 MP: 2/6
   606 | D:1      | Learned a level 3 spell: Stone Arrow
  1958 | D:3      | Reached skill level 1 in Conjurations
  1958 | D:3      | Reached XP level 4. HP: 16/24 MP: 1/8
  2163 | D:3      | Reached skill level 5 in Earth Magic
  2163 | D:3      | Reached XP level 5. HP: 10/28 MP: 9/9
  2846 | D:3      | Reached skill level 1 in Shields
  3195 | D:3      | Found a faded altar of an unknown god.
  3436 | D:4      | Found a sparkling altar of Nemelex Xobeh.
  3455 | D:4      | Reached XP level 6. HP: 29/32 MP: 11/11
  3965 | D:4      | Noticed Robin
  3987 | D:4      | Killed Robin
  4065 | D:4      | Reached skill level 6 in Earth Magic
  4065 | D:4      | Reached XP level 7. HP: 26/36 MP: 13/13
  4067 | D:4      | Found a staircase to the Ecumenical Temple.
  4147 | Temple   | Entered the Ecumenical Temple
  4285 | Temple   | Became a worshipper of Sif Muna the Loreminder
  4917 | D:5      | Entered Level 5 of the Dungeon
  6055 | D:5      | Reached XP level 8. HP: 21/41 MP: 9/15
  6366 | D:6      | Reached * piety under Sif Muna
  6366 | D:6      | Reached skill level 7 in Earth Magic
  6417 | D:6      | Reached skill level 5 in Spellcasting
  6533 | D:6      | Noticed Grinder
  6685 | D:6      | Reached skill level 5 in Conjurations
  7113 | D:6      | Found an ancient bone altar of Kikubaaqudgha.
  7183 | D:6      | Paralysed by Grinder for 7 turns
  7191 | D:6      | Killed Grinder
  7191 | D:6      | Reached skill level 8 in Earth Magic
  7296 | D:6      | Learned a level 5 spell: Lee's Rapid Deconstruction
  7301 | D:6      | Learned a level 4 spell: Petrify
  7586 | D:7      | Reached skill level 1 in Fighting
  7847 | D:7      | Noticed Harold
  7870 | D:7      | Killed from afar by Harold

Levels and vault maps discovered:
D:1:      mrwooster_arrival_arrow, layout_basic, minmay_hexomino_r4
D:2:      layout_basic, first_ration
D:3:      layout_basic, chequers_ecumenical_altar_simple,
          chequers_serial_rivers_micro_a
D:4:      layout_basic, nicolae_overflow_crystal_walls,
          minmay_temple_entry_arrows, nicolae_ossuary_entry_plus, uniq_robin
D:5:      layout_rooms
D:6:      layout_rooms, lemuel_zombie_altar_kikubaaqudgha, uniq_grinder
D:7:      layout_loops_ring, grunt_decor_one_mirror, uniq_harold
Temple:   nicolae_temple_elliptical

Skill      XL: |  1  2  3  4  5  6  7  8 |
---------------+-------------------------+-----
Earth Magic    | 4 5 6 8 |  8.3
Spellcasting   | 3 4 5 |  5.0
Conjurations   | 1 2 3 4 6 |  6.1
Shields        | 1 2 3 4 |  4.1
Fighting       | 1 |  1.9
Dodging        | |  1.5
Stealth        | |  2.1
Transmutations | |  0.7

Action                   |  1- 3 |  4- 6 |  7- 9 || total
-------------------------+-------+-------+-------++-------
Melee: Unarmed           |     9 |       |       ||     9
       Hand axe          |    51 |   145 |    29 ||   225
Throw: Stone             |       |       |     1 ||     1
 Cast: Sandblast         |    46 |       |    34 ||    80
       Stone Arrow       |     2 |     5 |    69 ||    76
  Use: Scroll            |     1 |       |       ||     1
 Stab: Sleeping          |       |     1 |       ||     1
  Eat: Chunk             |     4 |     6 |    14 ||    24
       Ration            |       |       |     1 ||     1
Armor: Robe              |    44 |    57 |    23 ||   124
Dodge: Dodged            |    69 |    73 |    30 ||   172
Block: Buckler           |     2 |    43 |    20 ||    65

Table legend:
 A = Non-vault XP
 B = Vault XP
 C = Vault XP percentage of total XP
 D = Non-vault monster count
 E = Vault monster count
 F = Vault count percentage of total count
                 A         B        C        D         E       F
            +---------+---------+-------+---------+---------+-------
      Total |    1940 |     333 |  14.7 |     133 |      17 |  11.3
            +---------+---------+-------+---------+---------+-------
        D:1 |      49 |       6 |  10.9 |      27 |       3 |  10.0
        D:2 |      26 |       0 |   0.0 |      10 |       0 |   0.0
        D:3 |     196 |       0 |   0.0 |      31 |       0 |   0.0
        D:4 |     343 |      36 |   9.5 |      19 |      12 |  38.7
        D:5 |     536 |       0 |   0.0 |      22 |       0 |   0.0
        D:6 |     473 |     291 |  38.1 |      17 |       2 |  10.5
        D:7 |     317 |       0 |   0.0 |       7 |       0 |   0.0
            +---------+---------+-------+---------+---------+-------
